 Dungeon Crawl Stone Soup version 0.20.1-1-g8b1a95d (webtiles) character file.

110 slep the Chopper (level 4, -12/34 HPs)
             Began as a Demonspawn Gladiator on Dec 19, 2017.
             Killed by divine providence
             ... invoked by an orc priest
              (14 damage)
             ... on level 3 of the Dungeon.
             The game lasted 00:06:42 (1934 turns).

slep the Chopper (Demonspawn Gladiator)             Turns: 1934, Time: 00:06:43

Health: -12/34     AC:  3    Str: 17    XL:     4   Next: 61%
Magic:  0/4        EV: 13    Int:  9    God:
Gold:   175        SH:  0    Dex: 16    Spells: 3/3 levels left

rFire    + + .     SeeInvis .   a - +0 war axe
rCold    . . .     Gourm    .   (no shield)
rNeg     . . .     Faith    .   b - +0 leather armour
rPois    .         Spirit   +   (helmet restricted)
rElec    .         Reflect  .   j - scarf {rC+ rF+}
rCorr    .         Harm     .   (no gloves)
MR       .....                  (no boots)
Stlth    +.........             q - amulet of rage
Regen    0.2/turn               r - +3 ring of strength
MPRegen  0.1/turn               x - ring of fire

@: no status effects
A: horns 1, magic shield
a: Evoke Berserk Rage


You were on level 3 of the Dungeon.
You were not hungry.

You visited 1 branch of the dungeon, and saw 3 of its levels.

You collected 175 gold pieces.

Inventory:

Hand Weapons
 a - a +0 war axe (weapon)
Missiles
 d - 3 throwing nets (quivered)
 h - 49 sling bullets
Armour
 b - a +0 leather armour (worn)
 c - a +0 helmet
 j - a scarf of resistance (worn)
Jewellery
 q - an amulet of rage (around neck)
 r - a +3 ring of strength (left hand)
 t - an uncursed ring of ice
 x - a ring of fire (right hand)
Scrolls
 g - 3 scrolls of immolation {unknown}
 k - a scroll of recharging {unknown}
 m - a scroll of identify {unknown}
 s - 3 scrolls of teleportation {unknown}
 y - a scroll of remove curse {unknown}
 A - a scroll of fog {unknown}
Potions
 e - a potion of curing
 i - 2 potions of berserk rage
 n - 2 potions of haste {unknown}
 p - a potion of magic {unknown}
 u - a potion of might {unknown}
 w - 2 potions of brilliance {unknown}
Comestibles
 f - 3 bread rations
 l - 3 meat rations
 o - 3 fruits
 v - 4 chunks of flesh
 z - a royal jelly


   Skills:
 + Level 2.6 Fighting
 + Level 3.9 Axes
 + Level 2.0 Throwing
 + Level 1.0 Armour
 + Level 3.1 Dodging
 + Level 0.2 Stealth


You had 3 spell levels left.
You didn't know any spells.

Dungeon Overview and Level Annotations

Branches:
Dungeon (3/15)

Altars:


Innate Abilities, Weirdness & Mutations

You have a pair of small horns on your head.
When hurt, damage is shared between your health and your magic reserves.


Message History

* * * LOW HITPOINT WARNING * * *
The orc priest miscasts a cantrip.
You closely miss the orc priest.
The orc priest is severely wounded.
The orc priest closely misses you.
The orc priest mumbles some strange prayers to Beogh against you.
You barely resist. You closely miss the orc priest.
The orc priest is severely wounded.
The orc priest hits you but does no damage.
The orc priest barely misses you.
Your leather armour prevents you from hitting the orc priest.
You headbutt the orc priest, but do no damage.
The orc priest is severely wounded.
You hit the orc priest but do no damage.
The orc priest miscasts a cantrip.
The orc priest closely misses you.
The orc priest invokes the aid of Beogh against you.
Beogh smites you!
You die...

#############.# #....
.........†....###.###
######.#####......##
#.#######.###.#
#.<......## ##. #####
#..######. #.. #
#...##.#.# .#.##
#####.#.#)..###.
...... #.........@o.#
## .#....
###.#..#(##o#..# #
##### #..#.# l# .# #
#..#.# g. # #..#.#
..# # #..#.. ... #
#..... .... # ####?.
.... #.##


You could see 2 orc priests, a goblin and a frilled lizard.

Vanquished Creatures
  4 adders
  An adder zombie (D:1)
  A worm (D:2)
  2 dart slugs
  4 leopard geckos
  An orc (D:3)
  5 giant cockroaches
  9 hobgoblins
  11 kobolds
  4 bats
  5 frilled lizards
  5 goblins
  A leopard gecko zombie (D:1)
  3 rats
56 creatures vanquished.

Notes
Turn   | Place    | Note
-------+----------+-------------------------------------------
     0 | D:1      | slep the Demonspawn Gladiator began the quest for the Orb.
     0 | D:1      | Reached XP level 1. HP: 16/16 MP: 1/1
   338 | D:1      | Gained mutation: When hurt, damage is shared between your health and your magic reserves. [demonic ancestry]
   338 | D:1      | Reached XP level 2. HP: 12/22 MP: 2/2
   848 | D:1      | Reached XP level 3. HP: 28/28 MP: 3/3
  1321 | D:2      | Gained mutation: You have a pair of small horns on your head. [demonic ancestry]
  1321 | D:2      | Reached XP level 4. HP: 7/34 MP: 2/4
  1833 | D:3      | Reached skill level 1 in Armour
  1934 | D:3      | Killed from afar by an orc priest

Skill      XL: |  1  2  3  4 |
---------------+-------------+-----
Axes           | 3 |  3.9
Throwing       | 2 |  2.0
Dodging        | 3 |  3.1
Armour         | 1 |  1.0
Fighting       | |  2.6
Stealth        | |  0.2

Action                   |  1- 3 |  4- 6 || total
-------------------------+-------+-------++-------
Melee: War axe           |   137 |    53 ||   190
       Headbutt          |       |     8 ||     8
  Use: Potion            |     2 |       ||     2
  Eat: Chunk             |     1 |     3 ||     4
Armor: Leather armour    |    35 |    10 ||    45
Dodge: Dodged            |   105 |    37 ||   142
